 Dungeon Crawl Stone Soup version 0.29.1-2-gbd0b4ee654 (webtiles) character file.

Game seed: 9040238790646717357

94922 KittyFluff the Fencer (level 16, -6/150 HPs)
             Began as a Gargoyle Berserker on Nov 13, 2022.
             Was the Champion of Trog.
             Mangled by a pharaoh ant (19 damage)
             ... on level 1 of the Spider Nest.
             The game lasted 03:27:59 (29108 turns).

KittyFluff the Fencer (Gargoyle Berserker)         Turns: 29108, Time: 03:28:00

Health: -6/150     AC: 27    Str: 21    XL:     16   Next: 12%
Magic:  5/5        EV: 11    Int: 10    God:    Trog [******]
Gold:   1155       SH:  8    Dex: 15    Spells: 15/15 levels left

rFire   + . .      SeeInvis +   Y - +3 falchion (antimagic)
rCold   + . .      Faith    .   E - +1 buckler
rNeg    + + .      Spirit   .   Z - +2 ring mail {rN+}
rPois   ∞          Reflect  .   r - +2 helmet
rElec   +          Harm     .   P - scarf {rC+ rF+}
rCorr   .          Rampage  .   s - +0 pair of gloves
Will    +....                   G - +0 pair of boots
Stlth   ..........              a - amulet of regeneration
HPRegen 1.15/turn               V - ring of see invisible
MPRegen 0.09/turn               B - +4 ring of slaying

@: berserking, grasped by roots, flying, constricted, studying 2 skills, very
quick
A: sickness immunity, AC +12, big wings, negative energy resistance 1,
electricity resistance, torment resistance 1, petrification resistance
a: Renounce Religion, Berserk, Trog's Hand, Brothers in Arms


You were on level 1 of the Spider Nest.
You worshipped Trog.
Trog was exalted by your worship.
You visited 4 branches of the dungeon, and saw 23 of its levels.
You visited the Abyss 1 time.
You also visited: Gauntlet.

You collected 2995 gold pieces.
You spent 1840 gold pieces at shops.

Inventory:

Hand Weapons
 D - the +7 Singing Sword {vorpal, sonic wave}
   (You found it on level 5 of the Dungeon)

   It inflicts extra damage upon your enemies.
   It radiates damaging sonic waves as it strikes, especially in combat
   involving dangerous or numerous foes.
 R - a +3 scimitar of flaming
 W - a +5 vorpal demon blade
 X - the +7 falchion of Ashenzari {holy, Will+ rCorr}
   (You found it on level 1 of the Lair of Beasts)

   It has been blessed by the Shining One to cause great damage to the undead
   and demons.
   rCorr:     It protects you from acid and corrosion.
   Will:      It increases your willpower.
 Y - a +3 antimagic falchion (weapon)
Missiles
 t - 39 poisoned darts
 w - 12 boomerangs (quivered)
 H - 17 atropa-tipped darts
 J - 10 javelins
 L - 9 curare-tipped darts
Armour
 g - a +3 scale mail of positive energy
 h - the +11 chain mail of Spite {rC+ rN+ rCorr Stlth-}
   (You bought it in a shop on level 2 of the Orcish Mines)

   rC:        It protects you from cold.
   rN:        It protects you from negative energy.
   rCorr:     It protects you from acid and corrosion.
   Stlth:     It makes you less stealthy.
 r - a +2 helmet (worn)
 s - a +0 pair of gloves (worn)
 E - a +1 buckler (worn)
 G - a +0 pair of boots (worn)
 P - a scarf of resistance (worn)
 Z - a +2 ring mail of positive energy (worn)
Jewellery
 a - an amulet of regeneration (around neck)
 b - a +4 ring of evasion
 c - a ring of ice
 x - an amulet of reflection
 z - the amulet of the Four Winds {rN+ Will+++ Clar}
   (You found it on level 12 of the Dungeon)

   [amulet of nothing]

   rN:        It protects you from negative energy.
   Clar:      It protects you against confusion.
   Will:      It greatly increases your willpower.
 B - a +4 ring of slaying (right hand)
 U - a ring of protection from cold
 V - a ring of see invisible (left hand)
Wands
 f - a wand of polymorph (14)
 n - a wand of digging (6)
 y - a wand of flame (29)
 C - a wand of acid (8)
 I - a wand of roots (15)
 S - a wand of charming (22)
Scrolls
 e - 2 scrolls of poison
 i - 3 scrolls of enchant weapon
 k - a scroll of immolation
 m - 6 scrolls of fear
 o - 13 scrolls of teleportation
 M - 2 scrolls of enchant armour
 O - 3 scrolls of magic mapping
 Q - 3 scrolls of silence
 T - 6 scrolls of blinking
Potions
 d - 4 potions of mutation
 j - 9 potions of curing
 p - 9 potions of heal wounds
 q - 5 potions of might
 u - 4 potions of lignification
 v - a potion of resistance
 A - 4 potions of haste
 F - 2 potions of invisibility
 K - 2 potions of attraction
 N - a potion of cancellation
Miscellaneous
 l - a lightning rod (4/4)


   Skills:
 + Level 11.0 Fighting
 + Level 16.4 Long Blades
 + Level 8.4 Maces & Flails
 + Level 9.6 Throwing
 * Level 10.2 Armour
 + Level 7.7 Dodging
 + Level 5.3 Stealth
 * Level 11.0 Shields
 + Level 3.7 Evocations


You had 15 spell levels left.
You didn't know any spells.
Your spell library contained the following spells:

 Spells                   Type           Power      Damage    Failure   Level
 Ensorcelled Hibernation  Hex/Ice        0%         N/A       71%         2
 Passwall                 Tmut/Erth      0%         N/A       71%         2
 Swiftness                Air            0%         N/A       90%         3


Dungeon Overview and Level Annotations

Branches:
Dungeon (15/15)            Temple (0/1) D:6            Lair (5/5) D:8
  Swamp (0/4) Lair:2       Spider (1/4) Lair:3        Slime (0/5) Lair:4
    Orc (2/2) D:9             Elf (0/3) Orc:2        Vaults (0/5) D:13
 Depths (0/4) D:15        Gauntlet (visited)

Altars:
Cheibriados
Makhleb
Sif Muna
Uskayaw
Wu Jian
The Shining One
Jiyva

Shops:
D:1 !   D:2 *[:*   D:5 (   D:10 *   D:12 *   Orc:2 =[!(

Annotations:
D:12 2 runed translucent doors
D:15 2 transporters, Voastrin's ghost, journeyman MiFi
Spider:1 Jorgrun


Innate Abilities, Weirdness & Mutations

You are immune to sickness and miasma.
Your stone body is resilient. (AC +12)
You are immune to poison.
Your large and strong wings let you fly.
You resist negative energy. (rN+)
You are resistant to electric shocks. (rElec)
You are resistant to unholy torment.
You are immune to petrification.


Message History

The pharaoh ant bites you!
* * * LOW HITPOINT WARNING * * *
Jorgrun hits you but does no damage. The grasping roots constrict you.
* * * LOW HITPOINT WARNING * * *
You barely miss Jorgrun.
Jorgrun is heavily wounded.
You slice Jorgrun!!
Jorgrun's magic leaks into the air.
Jorgrun is severely wounded.
The jumping spider leaps!
You block the pharaoh ant's attack.
You slash Jorgrun!
Jorgrun's magic leaks into the air.
Jorgrun is severely wounded.
Jorgrun hits you with a +0 vorpal quarterstaff!
* * * LOW HITPOINT WARNING * * *
x2 The grasping roots constrict you.
The pharaoh ant bites you but does no damage.
You slash Jorgrun!
Jorgrun's magic leaks into the air.
Jorgrun is almost dead.
You slash Jorgrun!
Jorgrun's magic leaks into the air.
Jorgrun is almost dead.
The jumping spider leaps!
Jorgrun hits you but does no damage. The grasping roots constrict you.
* * * LOW HITPOINT WARNING * * *
The pharaoh ant bites you!
* * * LOW HITPOINT WARNING * * *
You barely miss Jorgrun.
Jorgrun is almost dead.
The jumping spider leaps!
You hit Jorgrun.
Jorgrun's magic leaks into the air.
Jorgrun is almost dead.
The pharaoh ant barely misses you.
You barely miss Jorgrun.
Jorgrun is almost dead.
Jorgrun hits you but does no damage. The grasping roots constrict you.
The jumping spider pounces on you but does no damage.
The jumping spider bites you.
* * * LOW HITPOINT WARNING * * *
You hit Jorgrun.
Jorgrun's magic leaks into the air.
Jorgrun is almost dead.
The pharaoh ant bites you!!
You die...

#####...# #
########..#.^.##
#
#.##...#.....##
# #°##.........#
#.#.†#....#.##
#.#..##...###
#...#######
#s..## #@...#
#Bg...#
B$....###
.....#.##
#.#.#### # ##


You could see Jorgrun (magic disrupted), a pharaoh ant and a jumping spider.

Vanquished Creatures
  A tentacled starspawn (Abyss:2)
  Roxanne (D:14)
  Louise (D:14)
  An orc warlord (Orc:2)
  Nessos (D:12)
  A dire elephant (D:15)
  A minotaur (Gauntlet)
  Snorg (D:11)
  2 vault guards (D:13)
  8 hydras
  10 boulder beetles
  3 catoblepae
  A death knight (D:12)
  3 centaur warriors
  5 two-headed ogres
  2 orc high priests
  Urug (Orc:1)
  Sonja (D:13)
  The ghost of qeuew the Schismatic, a novice DsAK of Lugonu (D:7)
  A pharaoh ant (Spider:1)
  An obsidian statue (Gauntlet)
  A steelbarb worm (Spider:1)
  3 orc knights
  A bog body (Lair:2)
  3 necromancers (D:13)
  3 wizards
  A harpy (shapeshifter) (D:14)
  A wolf spider (Spider:1)
  A cyclops (D:12)
  4 orc sorcerers (Orc:2)
  3 manticores
  4 ugly things
  A salamander (D:15)
  9 elephants
  5 black mambas
  6 gargoyles
  3 torpor snails
  11 cane toads
  An unseen horror (D:10)
  Psyche (D:12)
  An efreet (D:13)
  2 minotaur zombies (Gauntlet)
  7 komodo dragons
  3 kobold demonologists (D:12)
  A tengu conjurer (D:15)
  2 trolls
  A queen bee (D:7)
  Grinder (D:5)
  10 polar bears
  4 tarantellas (Spider:1)
  2 hornets
  2 raiju
  8 blink frogs
  2 dream sheep (Lair:4)
  8 slime creatures
  Sigmund (D:5)
  4 culicivoras (Spider:1)
  A vampire (D:9)
  5 jumping spiders (Spider:1)
  7 wyverns
  42 yaks
  2 wraiths
  A shadow (D:12)
  The ghost of gdog the Covert, an amateur GnDe (D:4)
  A small abomination (Abyss:2)
  2 basilisks
  8 vampire mosquitoes
  18 humans (D:13)
  5 redbacks (Spider:1)
  10 wargs
  2 steam dragons
  2 acid dragons
  14 water moccasins
  14 hell hounds (Lair:5)
  Duvessa (D:7)
  An ice beast (D:5)
  41 orc warriors
  2 sky beasts (D:7)
  11 ogres
  17 black bears
  18 wolves
  8 centaurs
  5 kobold brigands
  6 bullfrogs
  A necrophage (D:6)
  A gnoll sergeant (D:8)
  6 scorpions
  16 wights (D:8)
  Dowan (D:7)
  10 killer bees
  4 howler monkeys
  An electric eel (Lair:2)
  3 starcursed masses
  2 hounds
  5 jellies
  3 gnoll boudas
  24 orc priests
  3 iguanas (D:6)
  Natasha (twice) (D:2)
  33 orc wizards
  24 gnolls
  11 adders
  3 shadow imps (Gauntlet)
  2 ufetubi
  2 worms
  2 dart slugs
  97 orcs
  12 bats
  4 endoplasms
  9 giant cockroaches
  6 goblins
  7 hobgoblins
  10 jackals
  4 quokkas
  5 ball pythons
  4 frilled lizards
  26 kobolds
  3 rats
759 creatures vanquished.

Vanquished Creatures (others)
  A kobold brigand (D:12)
  2 orc wizards
  52 fungi
  75 plants
  3 starspawn tentacles (Abyss:2)
  A withered plant (Gauntlet)
134 creatures vanquished.

Grand Total: 893 creatures vanquished

Notes
Turn   | Place    | Note
-------+----------+-------------------------------------------
     0 | D:1      | KittyFluff the Gargoyle Berserker began the quest for the
                  | Orb.
     0 | D:1      | Reached XP level 1. HP: 14/14 MP: 1/1
   124 | D:1      | Found a faded altar of an unknown god.
   196 | D:1      | Reached XP level 2. HP: 15/19 MP: 2/2
   783 | D:1      | Found Ehuodd's Distillery.
   918 | D:1      | Reached XP level 3. HP: 24/24 MP: 3/3
  1184 | D:2      | Found Lisibof's Book Emporium.
  1258 | D:2      | Reached ** piety under Trog
  1501 | D:2      | Noticed Natasha
  1511 | D:2      | Killed Natasha
  1512 | D:2      | Reached XP level 4. HP: 16/29 MP: 4/4
  1514 | D:2      | Noticed Natasha
  1523 | D:2      | Killed Natasha
  1852 | D:2      | Found Firr's Antique Armour Boutique.
  1863 | D:2      | Found Jyojumot's Assorted Antiques.
  2062 | D:2      | Found Ufud's General Store.
  2336 | D:3      | Reached XP level 5. HP: 29/33 MP: 5/5
  2723 | D:3      | Noticed gdog's ghost (amateur GnDe)
  2951 | D:3      | Found a runed translucent gate.
  2952 | D:3      | Found a runed translucent gate.
  2953 | D:3      | Found a runed translucent gate.
  3117 | D:4      | Killed gdog's ghost
  3118 | D:4      | Reached skill level 1 in Stealth
  3118 | D:4      | Reached XP level 6. HP: 39/39 MP: 6/6
  3131 | D:4      | Reached skill level 5 in Maces & Flails
  3453 | D:4      | Reached XP level 7. HP: 44/44 MP: 7/7
  3738 | D:4      | Reached skill level 1 in Shields
  4114 | D:4      | Reached *** piety under Trog
  4648 | D:5      | Entered Level 5 of the Dungeon
  4821 | D:4      | Reached skill level 5 in Fighting
  5316 | D:5      | Noticed Grinder
  5330 | D:5      | Reached XP level 8. HP: 44/49 MP: 8/8
  5353 | D:5      | Killed Grinder
  5354 | D:5      | Reached skill level 5 in Armour
  5550 | D:5      | Found Helest's Antique Weapon Boutique.
  5625 | D:5      | Noticed Sigmund
  5646 | D:5      | Killed Sigmund
  5647 | D:5      | Reached skill level 1 in Throwing
  6183 | D:5      | Reached XP level 9. HP: 54/54 MP: 9/9
  6401 | D:5      | Found the +7 Singing Sword {vorpal, sonic wave}
  6556 | D:6      | Noticed a two-headed ogre
  6562 | D:6      | Killed a two-headed ogre
  6563 | D:6      | Reached skill level 1 in Long Blades
  7000 | D:6      | Reached skill level 2 in Long Blades
  7203 | D:6      | Found a staircase to the Ecumenical Temple.
  7286 | D:6      | Reached **** piety under Trog
  7351 | D:7      | Found a glowing golden altar of the Shining One.
  7363 | D:7      | Found a transporter.
  7369 | D:7      | Reached skill level 3 in Long Blades
  7369 | D:7      | Reached XP level 10. HP: 60/60 MP: 10/10
  7373 | D:7      | Found a transporter.
  7374 | D:7      | Noticed qeuew's ghost (novice DsAK)
  7426 | D:7      | Noticed Dowan
  7429 | D:7      | Noticed Duvessa
  7438 | D:7      | Killed Dowan
  7442 | D:7      | Killed Duvessa
  7902 | D:7      | Reached skill level 4 in Long Blades
  8557 | D:2      | Bought a faintly humming buckler for 275 gold pieces
  8557 | D:2      | Identified the +1 buckler "Cataofu" {Int+8 Dex-5 Stlth+}
                  | (You bought it in a shop on level 2 of the Dungeon)
  8745 | D:7      | Reached skill level 5 in Long Blades
  8750 | D:7      | Killed qeuew's ghost
  8852 | D:8      | Found a staircase to the Lair.
  8863 | D:8      | Reached skill level 6 in Long Blades
  8874 | D:8      | Reached skill level 5 in Dodging
  9276 | D:8      | Reached skill level 7 in Long Blades
  9292 | D:8      | Reached ***** piety under Trog
  9580 | D:8      | Reached XP level 11. HP: 64/66 MP: 11/11
  9799 | D:8      | Reached skill level 5 in Shields
  9922 | D:9      | Found a burning altar of Makhleb.
  9984 | D:9      | Noticed a boulder beetle
 10010 | D:9      | Killed a boulder beetle
 10417 | D:9      | Found a shimmering blue altar of Sif Muna.
 10535 | D:9      | Reached skill level 8 in Long Blades
 11158 | D:9      | Found a staircase to the Orcish Mines.
 11780 | D:10     | Entered Level 10 of the Dungeon
 11908 | D:10     | Noticed a two-headed ogre
 11918 | D:10     | Killed a two-headed ogre
 11919 | D:10     | Reached skill level 9 in Long Blades
 12165 | D:10     | Found a snail-covered altar of Cheibriados.
 12687 | D:10     | Found Uttad's General Store.
 13129 | Lair:1   | Entered Level 1 of the Lair of Beasts
 13138 | Lair:1   | Reached skill level 10 in Long Blades
 13422 | Lair:1   | Received a gift from Trog
 13423 | Lair:1   | Reached XP level 12. HP: 73/73 MP: 12/12
 13595 | Lair:1   | Identified the +7 falchion of Ashenzari {holy, Will+ rCorr}
 14190 | Lair:2   | Identified the +11 whip of the Spectre {flame, rElec rCorr}
 14300 | Lair:2   | Reached skill level 11 in Long Blades
 14391 | Lair:2   | Noticed a catoblepas
 14402 | Lair:2   | Killed a catoblepas
 14873 | Lair:2   | Found a staircase to the Swamp.
 15339 | Lair:3   | Found a hole to the Spider Nest.
 15558 | Lair:3   | Reached skill level 12 in Long Blades
 16109 | Lair:4   | Found a staircase to the Slime Pits.
 16109 | Lair:4   | Found a viscous altar of Jiyva.
 16163 | Lair:4   | Reached XP level 13. HP: 76/79 MP: 13/13
 16205 | Lair:4   | Reached skill level 13 in Long Blades
 16294 | Lair:4   | Found a gate leading to a gauntlet.
 16318 | Gauntlet | Entered a Gauntlet
 16318 | Gauntlet | Found a transporter.
 16325 | Gauntlet | Found a transporter.
 16327 | Gauntlet | Found a transporter.
 16344 | Gauntlet | Found a transporter.
 16345 | Gauntlet | Found a transporter.
 16349 | Gauntlet | Noticed a reaper
 16358 | Gauntlet | Found a transporter.
 16379 | Gauntlet | Found a transporter.
 16384 | Gauntlet | Found a transporter.
 16402 | Gauntlet | Found a transporter.
 16408 | Gauntlet | Noticed a quicksilver ooze
 16414 | Gauntlet | Found a transporter.
 16424 | Gauntlet | Found a transporter.
 16451 | Gauntlet | Noticed an emperor scorpion
 16451 | Gauntlet | a boulder beetle changed into an emperor scorpion
 16453 | Gauntlet | Found a transporter.
 16453 | Gauntlet | an emperor scorpion changed into a seven-headed hydra
 16472 | Gauntlet | Found a transporter.
 16483 | Gauntlet | Found a transporter.
 16492 | Gauntlet | Noticed an entropy weaver
 16492 | Gauntlet | an entropy weaver changed into a satyr
 16507 | Gauntlet | Found a runed translucent door.
 16766 | Gauntlet | Identified the ring "Gets" {*Corrode Fly Will++ Stlth+}
 16786 | Gauntlet | Found the +7 Spriggan's Knife {stab, EV+4 Stlth+}
 16786 | Gauntlet | Noticed a minotaur
 16798 | Gauntlet | Killed a minotaur
 17402 | Lair:4   | Reached skill level 14 in Long Blades
 17576 | Lair:5   | Entered Level 5 of the Lair of Beasts
 17973 | Lair:5   | Received a gift from Trog
 18482 | Lair:5   | Gained mutation: Your large and strong wings let you fly.
                  | [Gargoyle growth]
 18482 | Lair:5   | Reached XP level 14. HP: 86/86 MP: 14/14
 18704 | Lair:5   | Reached skill level 15 in Long Blades
 18931 | Lair:5   | Reached ****** piety under Trog
 19603 | D:11     | Identified the +3 falchion of Brutal Revenge {antimagic,
                  | rPois} (Trog gifted it to you on level 11 of the Dungeon)
 19603 | D:11     | Received a gift from Trog
 19709 | D:11     | Noticed Snorg
 19719 | D:11     | Killed Snorg
 20048 | D:12     | Found Saom's Assorted Antiques.
 20146 | D:12     | Noticed Nessos
 20188 | D:12     | Killed Nessos
 20589 | D:12     | Found a large runed translucent door.
 20590 | D:12     | Found a large runed translucent door.
 20625 | D:12     | Reached skill level 5 in Throwing
 20731 | D:12     | Found a large runed translucent door.
 20732 | D:12     | Found a large runed translucent door.
 20826 | D:12     | Reached skill level 5 in Stealth
 20846 | D:12     | Found the amulet of the Four Winds {rN+ Will+++ Clar}
 21008 | D:12     | Noticed Psyche
 21015 | D:12     | Killed Psyche
 21373 | D:12     | Reached skill level 16 in Long Blades
 21912 | D:13     | Noticed Sonja
 21920 | D:13     | Killed Sonja
 22776 | D:13     | Reached skill level 10 in Fighting
 22784 | D:13     | Reached XP level 15. HP: 76/92 MP: 15/15
 22819 | Abyss:2  | Cast into level 2 of the Abyss (a wizard)
 22863 | Abyss:2  | Noticed a bone dragon
 22896 | Abyss:2  | Noticed a tentacled starspawn
 22900 | Abyss:2  | Killed a tentacled starspawn
 22901 | Abyss:2  | Reached skill level 1 in Evocations
 22934 | Abyss:2  | Found an ornate altar of the Wu Jian Council.
 22990 | Abyss:2  | Found a corrupted altar of Lugonu.
 23026 | Abyss:2  | Noticed a tentacled starspawn
 23030 | D:13     | Escaped the Abyss
 23034 | D:13     | Received a gift from Trog
 23355 | D:13     | Found a gate to the Vaults.
 23577 | D:14     | Found the +10 Black Knight's barding {ponderous, rPois rN+}
 23806 | D:14     | Identified Roxanne's Catalogue of Shapes
 23806 | D:14     | Noticed Roxanne
 23824 | D:14     | Killed Roxanne
 24138 | D:15     | Entered Level 15 of the Dungeon
 24186 | D:15     | Found a hide-covered altar of Uskayaw.
 24410 | D:15     | Noticed Louise
 24434 | D:14     | Killed Louise
 24692 | D:15     | Reached skill level 10 in Shields
 24723 | D:15     | Found a staircase to the Depths.
 24793 | D:15     | Found a transporter.
 24796 | D:15     | Noticed Voastrin's ghost (journeyman MiFi)
 24799 | D:15     | Noticed a shadow dragon
 24807 | D:15     | Found a transporter.
 24896 | D:15     | Found an ornate altar of the Wu Jian Council.
 25357 | Orc:1    | Entered Level 1 of the Orcish Mines
 25694 | Orc:1    | Received a gift from Trog
 25829 | Orc:1    | Noticed Urug
 25839 | Orc:1    | Killed Urug
 25903 | Orc:2    | Entered Level 2 of the Orcish Mines
 26542 | Orc:2    | Noticed an orc warlord
 26566 | Orc:2    | Killed an orc warlord
 26756 | Orc:2    | Found Lanorh Viam's Antique Weapon Shop.
 26760 | Orc:2    | Found Xeasu's Antique Armour Boutique.
 26786 | Orc:2    | Bought a steaming chain mail for 285 gold pieces
 26786 | Orc:2    | Identified the +11 chain mail of Spite {rC+ rN+ rCorr
                  | Stlth-} (You bought it in a shop on level 2 of the Orcish
                  | Mines)
 27080 | Orc:2    | Found a staircase to the Elven Halls.
 27107 | Orc:2    | Found Cestiyps's Jewellery Shoppe.
 27204 | Orc:2    | Received a gift from Trog
 27547 | Orc:2    | Reached XP level 16. HP: 99/99 MP: 16/16
 27551 | Orc:2    | Found Jiexatoi's Distillery.
 27568 | Orc:2    | Bought a potion of haste for 160 gold pieces
 28111 | D:2      | Bought a manual of Armour for 1120 gold pieces
 28642 | Spider:1 | Entered Level 1 of the Spider Nest
 28742 | Spider:1 | Reached skill level 10 in Armour
 29075 | Spider:1 | Noticed Jorgrun
 29108 | Spider:1 | Mangled by a pharaoh ant

Illustrated notes

Levels and vault maps discovered:
D:1:      shiori_arrival_oz, layout_loops_cross, serial_shops,
          nicolae_shop_hallway_plus, basic_ecumenical_altar
D:2:      layout_basic, serial_shops, nicolae_shop_hallway_plus,
          nicolae_shop_overgrown_old_shop, shop, nicolae_shop_behind_doors,
          uniq_natasha
D:3:      layout_basic, gammafunk_ghost_split, saegor_snake_ambush
D:4:      layout_basic, kennysheep_generic_room_5
D:5:      old_forge, layout_rooms, serial_shops, nicolae_lakefront_shop,
          uniq_grinder, uniq_sigmund
D:6:      nicolae_cairo_tiling, layout_cave_pools, minmay_temple_entry_slanted,
          minivault_24
D:7:      layout_basic, mainiacjoe_overflow_tiny_flanked, gammafunk_ghost_hive,
          uniq_duvessa
D:8:      layout_basic, erik_lair_orcish_takeover
D:9:      layout_basic, led_sif_pool, mainiacjoe_overflow_six_doors_small,
          erik_orc_3
D:10:     layout_loops_corners, mainiacjoe_overflow_cross_hatched, serial_shops,
          nicolae_shop_behind_doors
D:11:     layout_roguey, minivault_1, uniq_snorg
D:12:     layout_irregular_city, serial_shops, nicolae_shop_advertising_works
          [nicolae_subvault_shop_adworks], minmay_hollow_rounded_squares,
          uniq_nessos, uniq_psyche
D:13:     layout_layer_cave, grunt_vaults_entry_tiered, uniq_sonja
D:14:     layout_roguey, uniq_roxanne
D:15:     hangedman_depths_entry_try_elsewhere_first, layout_gridville,
          nicolae_uskayaw_en_pointe, gammafunk_ghost_arena,
          nzn_wu_jian_council_hall, uniq_louise
Lair:1:   layout_regular_city
Lair:2:   layout_regular_city, skrybe_swamp_entry_bodies, lemuel_fruit_fields,
          serial_bayou_shore_b, infiniplex_staircase_pool
Lair:3:   layout_small_grid, nicolae_spider_entry_non_spiders, serial_rivers,
          chequers_serial_rivers_small_3, chequers_serial_rivers_room_b,
          chequers_serial_rivers_micro_a, chequers_serial_rivers_large_a,
          chequers_serial_rivers_small_a
Lair:4:   layout_regular_city, slime_entry_1, gauntlet_entry_generic,
          nicolae_quartered_pool_impasse
Lair:5:   hangedman_lair_caniforms_friends, layout_cave_pods
Spider:1: layout_spider_delve, uniq_jorgrun, uniq_kirke
Orc:1:    nicolae_orc_accident_2, layout_caves, uniq_urug
Orc:2:    grunt_orc_community_town_hall, layout_caves,
          grunt_orc_community_big_house_1, grunt_orc_community_big_house_2,
          grunt_orc_community_house_3, grunt_orc_community_house_1,
          grunt_orc_community_house_2, grunt_orc_community_house_3,
          grunt_orc_community_house_3

Skill      XL: |  1  2  3  4  5  6  7  8  9 10 11 12 13 14 15 16 |
---------------+-------------------------------------------------+-----
Dodging        | 2 3 4 5 6 7 |  7.7
Fighting       | 4 5 6 7 8 9 10 11 | 11.0
Maces & Flails | 4 5 6 7 8 |  8.4
Armour         | 3 4 5 7 8 9 10 | 10.2
Stealth        | 1 2 3 4 5 |  5.3
Shields        | 1 2 3 4 6 7 8 9 10 11 | 11.0
Throwing       | 1 5 9 |  9.6
Long Blades    | 3 7 10 12 14 16 | 16.4
Evocations     | 3 |  3.7

Action                   |  1- 3 |  4- 6 |  7- 9 | 10-12 | 13-15 | 16-18 || total
-------------------------+-------+-------+-------+-------+-------+-------++-------
Melee: Mace              |    91 |   196 |   302 |       |       |       ||   589
       Punch             |       |     1 |     3 |       |       |       ||     4
       Double sword      |       |       |    43 |   589 |   964 |    68 ||  1664
       Whip              |       |       |       |       |    43 |       ||    43
       Scimitar          |       |       |       |       |    10 |       ||    10
       Falchion          |       |       |       |       |       |    22 ||    22
Throw: Boomerang         |       |       |    14 |     6 |   225 |    25 ||   270
Invok: Berserk           |     1 |     5 |     7 |     3 |    10 |     2 ||    28
  Use: Scroll            |     3 |     2 |     4 |     5 |    14 |       ||    28
       Potion            |       |       |       |       |     1 |       ||     1
 Stab: Sleeping          |     1 |     3 |     2 |     6 |     3 |       ||    15
       Held in net/web   |       |       |     1 |       |       |       ||     1
       Distracted        |       |       |       |     1 |     3 |       ||     4
Armor: Animal skin       |    46 |   120 |    12 |       |       |       ||   178
       Leather armour    |       |       |   103 |    17 |       |       ||   120
       Steam dragon scal |       |       |       |   116 |       |       ||   116
       Troll leather arm |       |       |       |    43 |   152 |       ||   195
       Ring mail         |       |       |       |       |    99 |    43 ||   142
Dodge: Dodged            |    86 |   124 |   241 |   357 |   474 |    36 ||  1318
Block: Other             |       |    22 |    77 |       |       |       ||    99
       Buckler           |       |       |    11 |   287 |   482 |    40 ||   820
       Reflection        |       |       |       |     5 |    19 |       ||    24
